 Dungeon Crawl Stone Soup version 0.32-a0-893-gf85d74f360 (webtiles) character file.

Game seed: 13469500844167240084

186 warriortoast the Ruffian (level 5, 0/52 HPs)
             Began as an Octopode Shapeshifter on Apr 2, 2024.
             Slain by an orc
             ... wielding a +0 trident
              (3 damage)
             ... on level 3 of the Dungeon on Apr 3, 2024.
             The game lasted 00:04:27 (2203 turns).

warriortoast the Ruffian (Octopode Shapeshifter)    Turns: 2203, Time: 00:04:28

Health: 0/52       AC: 22    Str: 15    XL:     5   Next: 66%
Magic:  5/5        EV:  2    Int: 13    God:
Gold:   191        SH:  0    Dex: 11    Spells: 4/4 levels left

rFire   . .          .
                       - Unarmed
rCold   . . .        (no shield)
rNeg    . . .        (helmet currently unavailable)
rPois   +            (no amulet)
rElec   .            (no ring)
rCorr   .            (no ring)
SInv    .            (no ring)
Will    .....        (no ring)
Stlth   ++           (no ring)
HPRegen 0.28/turn    (no ring)
MPRegen 0.09/turn    (no ring)
                     (no ring)

%: no passive effects
@: tree-form
A: stationary, stasis, torment immunity, boosted hp, almost no armour,
(amphibious), 8 rings, (camouflage 1), (gelatinous body 1), (nimble swimmer 1),
(tentacles)
a: no special abilities


You were on level 3 of the Dungeon.
You were a tree.
You visited 1 branch of the dungeon, and saw 3 of its levels.

You collected 191 gold pieces.

Inventory:

Missiles
 u - a throwing net (quivered)
Jewellery
 g - a ring of flight
 p - a ring of willpower
 q - a +6 ring of intelligence
 t - a +5 ring of evasion
Talismans
 b - a beast talisman (active)
 c - a flux talisman
Scrolls
 e - a scroll of silence {unknown}
 h - 2 scrolls of fog {unknown}
 i - a scroll of noise {unknown}
 j - a scroll of teleportation {unknown}
 n - 2 scrolls of identify {unknown}
 w - a scroll of amnesia {unknown}
Potions
 a - 2 potions of lignification
 d - 2 potions of enlightenment {unknown}
 f - a potion of haste {unknown}
 k - 2 potions of attraction {unknown}
 l - a potion of heal wounds {unknown}
 m - a potion of degeneration {unknown}
 o - a potion of invisibility {unknown}
 r - 2 potions of curing {unknown}
 s - a potion of cancellation {unknown}
 v - a potion of resistance {unknown}


   Skills:
 + Level 2.6 Fighting
 - Level 2.0 Dodging
 + Level 3.6 Stealth
 + Level 4.0 Unarmed Combat
 + Level 3.8 Shapeshifting


You had 4 spell levels left.
You didn't know any spells.
Your spell library contained the following spells:

 Spells                   Type           Power      Damage    Failure   Level
 Freeze                   Ice            0%         1d3       30%         1
 Frozen Ramparts          Ice            0%         1d1       67%         3
 Hailstorm                Conj/Ice       0%         3d5       67%         3


Dungeon Overview and Level Annotations

Branches:
Dungeon (3/15)

Altars:
Xom


Innate Abilities, Weirdness & Mutations

You are a tree.
Your roots penetrate the ground, keeping you stationary.
You cannot be teleported.
You are immune to unholy pain and torment.
Your maximum health is greatly increased.
You cannot wear most types of armour.
((You are amphibious.))
You can wear up to eight rings at the same time.
((Your skin changes colour to match your surroundings (Stealth+).))
((Your rubbery body absorbs attacks. (AC +1, EV +1)))
((You are camouflaged when in or above water. (Stealth+)))
((You have tentacles for arms and can constrict up to eight enemies at once.))


Message History

The orc hits you but does no damage. Something hits you.
You miss something. You squeeze something.
The orc hits you from afar with a +0 trident.
You hear some strange, mumbled words.
A puff of flame appears from out of thin air!
The puff of flame hits you!
* * * LOW HITPOINT WARNING * * *
You miss something.
The orc hits you from afar with a +0 trident.
* * * LOW HITPOINT WARNING * * *
Something hits you.
* * * LOW HITPOINT WARNING * * *
Something hits you.
* * * LOW HITPOINT WARNING * * *
Your transformation has ended.
You turn into a tree.
Your roots penetrate the ground.
You hear some strange, mumbled words.
Something tries to affect you, but you resist.
You cannot move.
You cannot move.
You cannot move.
You cannot move.
You cannot move.
You cannot move.
You closely miss something. The orc hits you but does no damage.
Something hits you but does no damage.
You hit something but do no damage. The orc hits you but does no damage.
You smack something!
You punch something.
You hear some strange, mumbled words.
A magic dart appears from out of thin air!
The magic dart hits you but does no damage.
The orc hits you but does no damage.
You miss something.
You hear some strange, mumbled words.
Something tries to affect you, but you resist.
You smack something!
Reactivating autopickup.
You feel a bit more experienced.
The orc hits you from afar with a +0 trident.
You die...

#.# #.....#..
##'########.....###
#........##.....#
#........########
#........#
#........#
#........#
#........#
#.♣......#
#.).......
#.o..##.## ##)###
..# #.. .. #...
#.##. #.# #. #.# #.


You could see an orc.

Vanquished Creatures
  A bombardier beetle (D:3)
  Jessica (D:3)
  An orc wizard (D:3)
  Terence (D:3)
  3 adders (D:2)
  A ribbon worm (D:2)
  2 dart slugs
  7 orcs (D:3)
  9 bats
  6 endoplasms
  3 giant cockroaches
  4 goblins
  4 hobgoblins
  4 jackals (D:1)
  5 kobolds
  A quokka (D:1)
  5 ball pythons
  3 rats (D:1)
61 creatures vanquished.

Notes
Turn   | Place    | Note
-------+----------+-------------------------------------------
     0 | D:1      | warriortoast the Octopode Shapeshifter began the quest for
                  | the Orb.
     0 | D:1      | Reached XP level 1. HP: 13/13 MP: 1/1
   142 | D:1      | Reached XP level 2. HP: 18/18 MP: 2/2
   185 | D:1      | Reached skill level 1 in Stealth
   333 | D:1      | Reached XP level 3. HP: 23/23 MP: 3/3
   875 | D:1      | Upgraded the game from 0.32-a0-886-g41c5271027 to
                  | 0.32-a0-893-gf85d74f360
  1219 | D:2      | Reached XP level 4. HP: 29/29 MP: 4/4
  1225 | D:2      | Found a shimmering altar of Xom.
  1879 | D:3      | Noticed Jessica
  1884 | D:3      | Killed Jessica
  1885 | D:3      | Reached XP level 5. HP: 34/34 MP: 5/5
  1993 | D:3      | Identified the +0 ring mail of Beogh's Regard {rPois rC+
                  | Will+ Int+2}
  2025 | D:3      | Noticed Terence
  2036 | D:3      | Killed Terence
  2037 | D:3      | Reached skill level 4 in Unarmed Combat
  2197 | D:3      | HP: 1/35 [something (4)]
  2203 | D:3      | Slain by an orc

Illustrated notes

Levels and vault maps discovered:
D:1:      sevenhm_arrival_forest_fort_large_4, layout_loops_ring,
          serial_bayou_pond_b, minmay_misc_feat_alley, serial_bayou_lagoon_a
D:2:      layout_basic, basic_altar
D:3:      layout_basic, amcnicky_mini_pool_small, uniq_jessica, uniq_terence

Skill      XL: |  1  2  3  4  5 |
---------------+----------------+-----
Stealth        | 1 2 3 |  3.6
Fighting       | 2 |  2.6
Unarmed Combat | 4 |  4.0
Dodging        | |  2.0
Shapeshifting  | |  3.8

Action                     |  1- 3 |  4- 6 || total
---------------------------+-------+-------++-------
  Melee: Unarmed           |    55 |    66 ||   121
         Constrict         |    16 |    16 ||    32
         Tentacles         |    11 |    10 ||    21
         Punch             |     4 |     4 ||     8
    Use: Potion            |       |     1 ||     1
   Stab: Sleeping          |    13 |     3 ||    16
 Armour: Skin              |    22 |    26 ||    48
  Dodge: Dodged            |    44 |    33 ||    77

Table legend: (Time is in decaauts)
 A = Elapsed time spent in this place.
 B = Non-inter-level travel time spent in this place.
 C = Inter-level travel time spent in this place.
 D = Time resting spent in this place.
 E = Time spent auto-exploring this place.
 F = Levels seen in this place.
 G = Mean time per level.
                   A        B        C        D        E       F      G
               +--------+--------+--------+--------+--------+-----+--------+
         Total |   2197 |   2068 |    129 |    104 |   1573 |   3 |  732.3 |
       Dungeon |   2197 |   2068 |    129 |    104 |   1573 |   3 |  732.3 |
               +--------+--------+--------+--------+--------+-----+--------+

Top non-repeatable levels by time:
     D:1: 909 daAuts
     D:2: 703 daAuts
     D:3: 584 daAuts
